Map: Catalyst LE

Players

Patience

  • Race: Protoss Protoss
  • Spawn Location: 11:00

Solar - Winner!

  • Race: Zerg Zerg
  • Spawn Location: 5:00

Event: HomeStory Cup XVI

VOD

Have the link to the VOD?

Description

Time

  • Played on: Nov. 9, 2017, 12:21 p.m.
  • Length: 9:00

All games in this series

Show
View Real Time Build Order
Export as new Build Order

Patience Protoss 

Build Orders: Nexus First, Colossus Rush 

Get SALT Encoding   

  12  0:02  Probe (Chrono Boost)  
  14  0:14  Probe (Chrono Boost)  
  14  0:22  Pylon  
  14  0:26  Probe (Chrono Boost)  
  15  0:41  Probe (Chrono Boost)  
  16  0:57  Nexus  
  16  1:05  Probe (Chrono Boost)  
  16  1:06  Gateway  
  17  1:13  Probe (Chrono Boost)  
  18  1:18  Assimilator  
  18  1:19  Probe (Chrono Boost)  
  19  1:27  Assimilator  
  19  1:29  Probe (Chrono Boost)  
  20  1:41  Probe (Chrono Boost), Pylon  
  21  1:53  Probe (Chrono Boost)  
  22  2:00  Cybernetics Core  
  22  2:03  Probe (Chrono Boost)  
  22  2:06  Probe (Chrono Boost)  
  23  2:09  Probe (Chrono Boost)  
  23  2:13  Probe (Chrono Boost)  
  25  2:20  Probe (Chrono Boost)  
  27  2:25  Probe (Chrono Boost)  
  27  2:29  Warp Gate  
  28  2:32  Probe (Chrono Boost)  
  28  2:36  Stalker  
  32  2:37  Probe (Chrono Boost)  
  32  2:42  Robotics Facility  
  33  2:45  Probe (Chrono Boost)  
  33  2:50  Probe (Chrono Boost)  
  34  2:57  Probe (Chrono Boost), Sentry  
  35  3:01  Pylon  
  35  3:05  Probe (Chrono Boost)  
  36  3:09  Probe (Chrono Boost)  
  39  3:17  Probe (Chrono Boost)  
  40  3:22  Warp Prism, Probe (Chrono Boost)  
  41  3:29  Probe (Chrono Boost)  
  41  3:34  Probe (Chrono Boost)  
  45  3:37  Gateway x2  
  45  3:41  Gateway  
  45  3:46  Probe x2 (Chrono Boost)  
  47  3:50  Assimilator  
  47  3:51  Pylon  
  47  3:53  Assimilator  
  47  3:58  Probe (Chrono Boost)  
  47  3:59  Robotics Bay  
  47  4:00  Observer  
  49  4:05  Probe (Chrono Boost)  
  51  4:10  Probe (Chrono Boost)  
  51  4:12  Pylon  
  51  4:19  Probe (Chrono Boost), Pylon  
  51  4:22  Probe (Chrono Boost)  
  51  4:24  Observer  
  54  4:36  Stalker x2, Zealot x2  
  62  4:38  Colossus  
  62  4:43  Probe x2 (Chrono Boost), Pylon  
  70  4:53  Pylon  
  70  4:57  Extended Thermal Lance  
  70  5:04  Zealot  
  70  5:17  Zealot x3  
  69  5:22  Colossus  
  69  5:27  Sentry  
  71  5:30  Twilight Council  
  71  5:32  Forge  
  77  5:41  Sentry  
  79  5:46  Pylon  
  79  5:47  Zealot, Sentry  
  83  5:53  Nexus  
  83  5:58  Stalker  
  83  6:02  Probe (Chrono Boost)  
  87  6:06  Probe (Chrono Boost), Colossus  
  87  6:07  Pylon  
  87  6:08  Zealot  
  87  6:09  Sentry  
  87  6:10  Zealot  
  83  6:24  Zealot  
  85  6:33  Stalker  
  85  6:34  Stalker x2, Protoss Ground Weapons Level 1  
  85  6:39  Probe x2 (Chrono Boost)  
  93  6:49  Stalker  
  93  6:53  Pylon  
  95  6:56  Pylon  
  95  7:00  Probe x2 (Chrono Boost)  
  98  7:08  Probe (Chrono Boost)  
  98  7:12  Probe (Chrono Boost)  
  98  7:15  Probe (Chrono Boost)  
  98  7:21  Probe (Chrono Boost)  
  99  7:23  Immortal  
  99  7:25  Probe (Chrono Boost)  
  99  7:27  Probe (Chrono Boost)  
  105  7:30  Assimilator  
  105  7:33  Probe (Chrono Boost)  
  105  7:34  Assimilator  
  105  7:36  Gateway  
  106  7:37  Pylon  
  106  7:42  Gateway  
  106  7:43  Gateway  
  106  7:46  Gateway  
  106  8:01  Probe (Chrono Boost)  
  106  8:02  Probe x2 (Chrono Boost)  
  106  8:03  Stalker, Sentry x2  
  106  8:04  Stalker  
  117  8:09  Immortal  
  119  8:13  Probe (Chrono Boost)  
  119  8:14  Probe (Chrono Boost)  
  120  8:26  Zealot x2  
  103  8:29  Zealot x2  
  102  8:36  Probe x3 (Chrono Boost)  
  102  8:40  Zealot  
  99  8:47  Zealot x4  
Show
View Real Time Build Order
Export as new Build Order

Solar Zerg - Winner!

Build Orders: Hatch First 

Get SALT Encoding   

  12  0:01  Drone  
  13  0:12  Overlord  
  13  0:16  Drone  
  14  0:30  Drone  
  14  0:31  Drone  
  16  0:36  Drone  
  17  0:52  Hatchery  
  17  0:55  Drone  
  17  0:57  Drone  
  17  1:03  Extractor  
  17  1:13  Spawning Pool  
  17  1:17  Drone  
  17  1:20  Drone  
  18  1:28  Drone  
  19  1:39  Drone  
  20  1:49  Overlord  
  20  2:00  Queen  
  22  2:03  Queen  
  22  2:04  Zergling x2  
  22  2:05  Metabolic Boost  
  22  2:07  Drone  
  26  2:13  Zergling x2  
  26  2:15  Drone  
  29  2:22  Drone  
  29  2:35  Hatchery  
  28  2:38  Drone  
  28  2:42  Drone  
  30  2:46  Pneumatized Carapace  
  30  2:49  Drone  
  31  2:52  Drone  
  31  2:56  Overlord  
  32  3:00  Drone  
  32  3:01  Drone  
  34  3:05  Drone  
  34  3:09  Drone  
  36  3:15  Drone x2  
  36  3:18  Queen  
  36  3:19  Drone  
  41  3:22  Overlord  
  41  3:26  Drone  
  41  3:30  Drone  
  41  3:39  Zergling x4  
  41  3:40  Evolution Chamber, Zergling x2  
  43  3:41  Zergling x2  
  44  3:49  Queen  
  44  3:50  Drone x2  
  44  3:51  Drone x3  
  51  3:56  Overlord  
  51  3:57  Drone  
  51  4:00  Drone  
  53  4:08  Drone x2  
  53  4:09  Drone  
  56  4:16  Overlord  
  56  4:18  Zergling x6  
  56  4:20  Zergling x2  
  56  4:21  Zergling x2  
  61  4:25  Zergling x6  
  61  4:27  Extractor, Drone  
  61  4:29  Drone  
  65  4:33  Overlord, Zerg Melee Weapons Level 1  
  65  4:34  Overlord  
  65  4:35  Zergling x2  
  65  4:36  Zergling x2  
  67  4:42  Overlord  
  67  4:45  Drone x2  
  69  4:47  Overlord  
  69  4:50  Drone x2  
  71  4:55  Zergling x10  
  71  4:57  Overlord  
  71  4:59  Zergling x4  
  78  5:03  Lair  
  78  5:05  Zergling x2  
  78  5:07  Roach Warren, Zergling x2  
  78  5:08  Zergling x2  
  78  5:15  Zergling x6  
  78  5:21  Zergling x6  
  78  5:25  Extractor, Drone x2  
  78  5:27  Drone  
  82  5:32  Overlord  
  82  5:34  Extractor  
  81  5:37  Drone x2  
  81  5:42  Drone  
  83  5:44  Overlord  
  83  5:48  Drone x2  
  85  5:52  Overlord  
  85  5:55  Drone x2  
  88  5:57  Drone x4  
  88  6:01  Roach x2  
  88  6:02  Roach x3  
  100  6:05  Extractor, Spire  
  100  6:09  Glial Reconstitution  
  94  6:13  Roach x3  
  94  6:16  Roach  
  94  6:19  Roach  
  94  6:21  Roach  
  94  6:24  Roach  
  94  6:26  Roach  
  94  6:28  Roach  
  94  6:32  Roach  
  96  6:33  Overlord  
  96  6:34  Drone x3  
  96  6:37  Roach x2  
  103  6:40  Overlord  
  103  6:42  Drone, Zergling x2  
  103  6:43  Zergling x4  
  107  6:47  Overlord  
  107  6:50  Zergling x2  
  107  6:53  Drone  
  109  6:57  Roach  
  109  6:58  Ravager x2  
  109  6:59  Overlord  
  117  7:03  Overlord  
  113  7:09  Zergling x10  
  115  7:18  Corruptor x4  
  123  7:24  Corruptor  
  125  7:32  Corruptor  
  122  7:39  Zergling x10  
  127  7:45  Overlord  
  127  7:49  Drone x2  
  127  7:50  Hatchery  
  127  7:53  Corruptor x2  
  127  7:56  Overlord  
  131  8:00  Roach  
  131  8:01  Roach x2  
  131  8:02  Roach x3  
  143  8:05  Overlord  
  143  8:06  Roach x2  
  143  8:07  Roach  
  143  8:08  Zergling x2  
  150  8:16  Zergling x2  
  150  8:18  Overlord  
  150  8:19  Roach  
  151  8:22  Roach  
  151  8:25  Roach x3  
  157  8:31  Roach x3  
  160  8:35  Roach x2  
  160  8:36  Roach  
  160  8:39  Ravager  
Tags
 
Add a new tag
Caveats
  • Supply blocks, unpowered buildings, or Contaminate may cause inaccurate times.
  • Supply counts are checked every 10 seconds.